 Dungeon Crawl Stone Soup version 0.25-a0-41-g6cf4ce537d (webtiles) character file.

Game seed: 15981077192923549687, levelgen mode: deterministic

3742 Johnny the Spear-Bearer (level 9, 0/120 HPs)
             Began as a Demigod Gladiator on Oct 21, 2019.
             Killed by divine providence
             ... invoked by an orc priest
              (7 damage)
             ... on level 9 of the Dungeon.
             The game lasted 00:07:48 (9030 turns).

Johnny the Spear-Bearer (Demigod Gladiator)         Turns: 9030, Time: 00:07:48

Health: 0/120      AC: 24    Str: 23    XL:     9   Next: 62%
Magic:  0/11       EV:  2    Int: 17    God:
Gold:   510        SH:  0    Dex: 22    Spells: 8/8 levels left

rFire    + . .     SeeInvis .   J - +0 trident (pierce)
rCold    . . .     Gourm    .   (no shield)
rNeg     + + +     Faith    .   (armour currently unavailable)
rPois    +         Spirit   +   (helmet currently unavailable)
rElec    .         Reflect  .   (cloak currently unavailable)
rCorr    .         Harm     .   (gloves currently unavailable)
MR       +....     NoTele   +   (boots currently unavailable)
Stlth    +++.......             m - amulet of guardian spirit
HPRegen  0.30/turn              w - ring of protection from fire
MPRegen  0.12/turn              B - ring of protection from magic

@: brilliant, agile, tree-form
A: high mp 1
a: no special abilities


You were on level 9 of the Dungeon.
You were hungry.
You were a tree.
You visited 1 branch of the dungeon, and saw 10 of its levels.

You collected 510 gold pieces.

Inventory:

Hand Weapons
 a - a +0 trident
 J - a +0 trident of piercing (weapon)
Missiles
 s - 4 throwing nets (quivered)
Armour
 c - a +0 helmet (melded)
 f - a cursed +0 cloak (melded)
 E - a +0 pair of boots (melded)
 G - a +0 plate armour (melded)
Jewellery
 b - an uncursed ring of positive energy
 m - an amulet of guardian spirit (around neck)
 w - a ring of protection from fire (left branch)
 B - a ring of protection from magic (right branch)
Wands
 i - a wand of acid (5)
 x - a wand of disintegration (11)
 y - a wand of polymorph (3)
Scrolls
 g - a scroll of magic mapping {unknown}
 o - 2 scrolls of amnesia
 p - 6 scrolls of teleportation
 t - a scroll of identify
 v - 2 scrolls of immolation
 z - 3 scrolls of remove curse
 A - 2 scrolls of blinking
 C - a scroll of enchant armour
 F - 2 scrolls of enchant weapon {unknown}
 H - a scroll of fear {unknown}
Potions
 e - 3 potions of heal wounds {unknown}
 h - 4 potions of magic
 j - 4 potions of haste {unknown}
 k - 2 potions of agility
 l - a potion of resistance {unknown}
 n - 2 potions of lignification
 q - 2 potions of brilliance
 r - a potion of flight
 u - a potion of cancellation {unknown}
Comestibles
 d - 6 rations


   Skills:
 + Level 7.7 Fighting
 * Level 11.0 Polearms
 - Level 1.7 Throwing
 - Level 2.6 Dodging


You had 8 spell levels left.
You didn't know any spells.
Your spell library contained the following spells:

 Spells                   Type           Power        Failure   Level  Hunger
 Beastly Appendage        Tmut           ##....       3%          1    ##.....
 Poisonous Vapours        Pois/Air       ##....       4%          2    ###....
 Sticks to Snakes         Tmut           ##......     4%          2    ###....
 Conjure Flame            Conj/Fire      ##......     8%          3    ####...
 Mephitic Cloud           Conj/Pois/Air  ##......     8%          3    ####...
 Spider Form              Tmut/Pois      ##........   8%          3    ####...
 Ice Form                 Ice/Tmut       ##......     24%         4    #####..
 Blade Hands              Tmut           ##........   50%         5    ######.
 Freezing Cloud           Conj/Ice/Air   ##........   94%         6    #######
 Ring of Flames           Chrm/Fire      ##........   100%        7    #######


Dungeon Overview and Level Annotations

Branches:
Dungeon (10/15)            Temple (0/1) D:4             Orc (0/2) D:9
   Lair: D:8-11


Innate Abilities, Weirdness & Mutations

You have an increased reservoir of magic. (+10% MP)


Message History

You kill the orc!
The orc wizard is engulfed in freezing vapours.
The orc wizard hits you but does no damage.
The orc is engulfed in freezing vapours.
You kill the orc!
You feel a bit more experienced.
It was a potion of brilliance.
You feel clever all of a sudden.
It was a potion of lignification.
You turn into a tree.
Your cursed +0 cloak melds into your body.
Your +0 helmet melds into your body.
Your +0 pair of boots melds into your body.
Your +0 plate armour melds into your body.
Your roots penetrate the ground.
It was a potion of flight.
Your roots keep you in place.
It was a potion of agility.
You feel agile all of a sudden.
The orc priest mumbles some strange prayers to Beogh against you.
Beogh smites you!
You die...

..8. o8...# .o#
##oo.# #o###'#
#)).## #)>o#
#.o)## #'###'####
...#####o.[###
#.8.....♣.8.))#
#...#####...#>#
##. ######'#### .
#.........#
#.........#
########.........#
+......'.........#
########.........#
#.........+


You could see an orc priest.

Vanquished Creatures
  A manticore (D:8)
  A troll (D:8)
  A hippogriff (D:7)
  A yak (D:8)
  Grum (D:8)
  A hungry ghost (D:8)
  Menkaure (D:7)
  An orc warrior (D:9)
  A phantom (D:7)
  A boggart (D:7)
  An ice beast (D:8)
  2 wolves (D:8)
  2 ogres
  6 bullfrogs
  A water moccasin skeleton (D:4)
  A howler monkey (D:4)
  4 crimson imps
  3 jellies
  A bullfrog zombie (D:5)
  A bullfrog skeleton (D:8)
  2 hounds
  5 orc wizards
  A centaur skeleton (D:8)
  5 orc priests
  Jessica (D:3)
  2 worker ants
  6 iguanas
  A hound zombie (D:5)
  2 hound skeletons (D:7)
  A howler monkey zombie (D:7)
  Robin (D:3)
  8 adders
  A howler monkey skeleton (D:4)
  4 shadow imps
  An ooze (D:2)
  2 adder skeletons
  3 worms
  A dart slug (D:2)
  5 leopard geckos
  31 orcs
  6 giant cockroaches
  25 goblins
  16 hobgoblins
  16 jackals
  A ball python (D:4)
  7 bats
  2 frilled lizards
  8 kobolds
  6 rats
202 creatures vanquished.

Notes
Turn   | Place    | Note
-------+----------+-------------------------------------------
     0 | D:1      | Johnny the Demigod Gladiator began the quest for the Orb.
     0 | D:1      | Reached XP level 1. HP: 17/17 MP: 3/3
    44 | D:1      | Reached skill level 3 in Polearms
    97 | D:1      | Reached XP level 2. HP: 22/24 MP: 4/4
   774 | D:2      | Reached XP level 3. HP: 21/30 MP: 5/5
  1062 | D:2      | Reached skill level 4 in Polearms
  1404 | D:2      | Reached XP level 4. HP: 37/37 MP: 6/6
  1872 | D:3      | Found a sacrificial altar of Ru.
  1874 | D:3      | Noticed Jessica
  1890 | D:3      | Reached XP level 5. HP: 36/45 MP: 7/7
  1893 | D:3      | Killed Jessica
  1894 | D:3      | Reached skill level 5 in Polearms
  2073 | D:3      | Noticed Robin
  2140 | D:3      | Killed Robin
  3114 | D:4      | Reached XP level 6. HP: 33/52 MP: 8/8
  3695 | D:4      | Found a staircase to the Ecumenical Temple.
  4031 | D:5      | Entered Level 5 of the Dungeon
  4049 | D:5      | Reached skill level 6 in Polearms
  4070 | D:5      | You fall into a shaft and drop 1 floor!
  4228 | D:6      | Reached XP level 7. HP: 43/60 MP: 9/9
  4516 | D:6      | Reached skill level 7 in Polearms
  4629 | D:6      | Found an iron altar of Okawaru.
  5246 | D:5      | Reached skill level 5 in Fighting
  6170 | D:7      | Reached XP level 8. HP: 57/69 MP: 8/10
  6192 | D:7      | Noticed a hippogriff
  6219 | D:7      | Killed a hippogriff
  6219 | D:7      | Reached skill level 8 in Polearms
  6434 | D:7      | Noticed Menkaure
  6454 | D:7      | Killed Menkaure
  6599 | D:7      | Reached skill level 9 in Polearms
  7338 | D:8      | Noticed a komodo dragon
  7339 | D:8      | Noticed a manticore
  7339 | D:8      | a komodo dragon changed into a manticore
  7344 | D:8      | Killed a manticore
  7542 | D:8      | Noticed Grum
  7552 | D:8      | Reached XP level 9. HP: 78/78 MP: 9/11
  7566 | D:8      | Killed Grum
  7566 | D:8      | Reached skill level 10 in Polearms
  7831 | D:8      | HP: 3/79 [troll (5)]
  8225 | D:8      | Paralysed by a hornet for 2 turns
  8789 | D:10     | Entered Level 10 of the Dungeon
  8994 | D:9      | Found a staircase to the Orcish Mines.
  9017 | D:9      | Reached skill level 11 in Polearms
  9024 | D:9      | HP: 3/80 [orc priest/divine providence (12)]
  9030 | D:9      | Killed from afar by an orc priest

Levels and vault maps discovered:
D:1:      elethiomel_arrival_shortcut, layout_basic, minmay_tetromino_s2
D:2:      cheibrodos_greedy_goblins, layout_basic, grunt_ministairs_11,
          item_on_display_a
D:3:      layout_basic, first_ration, nicolae_ru_great_annihilating_truth,
          uniq_jessica, uniq_robin
D:4:      layout_cave_pods, minmay_temple_entry_enclosed_plants
D:5:      layout_basic
D:6:      layout_rooms, okawaru_ov_weapons_minmay
D:7:      layout_basic, uniq_menkaure
D:8:      layout_loops_cross, uniq_grum
D:9:      layout_roguey, hiddenorc2_lemuel, serial_shops, shop,
          minmay_misc_feat_plants, hangedman_ranch [blue_anna_fruit_fields],
          uniq_harold
D:10:     layout_roguey

Skill      XL: |  1  2  3  4  5  6  7  8  9 |
---------------+----------------------------+-----
Polearms       | 3 4 5 6 7 9 11 | 11.0
Fighting       | 2 3 4 5 6 7 |  7.7
Throwing       | |  1.7
Dodging        | |  2.6

Action                   |  1- 3 |  4- 6 |  7- 9 || total
-------------------------+-------+-------+-------++-------
Melee: Trident           |   132 |   286 |   436 ||   854
Evoke: Wand              |       |       |    12 ||    12
  Use: Potion            |       |     2 |     6 ||     8
       Scroll            |       |     1 |     7 ||     8
 Stab: Sleeping          |     2 |       |       ||     2
       Invisible         |       |     1 |       ||     1
       Confused          |       |       |     2 ||     2
       Distracted        |       |       |     1 ||     1
  Eat: Chunk             |     1 |    10 |    12 ||    23
       Ration            |       |       |     2 ||     2
Armor: Leather armour    |    40 |    15 |       ||    55
       Chain mail        |       |   112 |    43 ||   155
       Plate armour      |       |       |   186 ||   186
Dodge: Dodged            |    99 |   119 |   134 ||   352

Table legend:
 A = Non-vault XP
 B = Vault XP
 C = Vault XP percentage of total XP
 D = Non-vault monster count
 E = Vault monster count
 F = Vault count percentage of total count
                 A         B        C        D         E       F
            +---------+---------+-------+---------+---------+-------
      Total |    4225 |    1121 |  21.0 |     146 |      56 |  27.7
            +---------+---------+-------+---------+---------+-------
        D:1 |      32 |       2 |   5.9 |      18 |       2 |  10.0
        D:2 |     146 |      28 |  16.1 |      25 |      12 |  32.4
        D:3 |      36 |     118 |  76.6 |      12 |      16 |  57.1
        D:4 |     260 |       0 |   0.0 |      17 |       0 |   0.0
        D:5 |     302 |       0 |   0.0 |      14 |       0 |   0.0
        D:6 |     550 |       0 |   0.0 |      16 |       0 |   0.0
        D:7 |    1062 |     183 |  14.7 |      25 |       1 |   3.8
        D:8 |    1837 |     437 |  19.2 |      19 |       3 |  13.6
        D:9 |       0 |     353 | 100.0 |       0 |      22 | 100.0
            +---------+---------+-------+---------+---------+-------
